 Dungeon Crawl Stone Soup version 0.19.1 (webtiles) character file.

200 ChaseSP the Chopper (level 6, -2/47 HPs)
             Began as a Formicid Fighter on Dec 2, 2016.
             Killed from afar by an orc wizard (6 damage)
             ... with a magic dart
             ... on level 4 of the Dungeon.
             The game lasted 00:07:19 (2512 turns).

ChaseSP the Chopper (Formicid Fighter)              Turns: 2512, Time: 00:07:19

Health: -2/47      AC: 10    Str: 21    XL:     6   Next: 7%
Magic:  6/6        EV:  5    Int:  7    God:
Gold:   227        SH:  9    Dex: 12    Spells: 0 memorised, 5 levels left

rFire  . . .     SeeInvis +     a - +0 war axe
rCold  . . .     Gourm    .     o - +0 chain mail
rNeg   . . .     Faith    .     c - +0 shield
rPois  .         Spirit   .     (helmet unavailable)
rElec  .         Reflect  .     (no cloak)
rCorr  .         Harm     .     s - +0 pair of gloves
MR     +....                    (no boots)
Stlth  ..........               (no amulet)
                                u - ring of wizardry
                                m - ring of protection from magic

@: no status effects
A: permanent stasis, dig shafts and tunnels, four strong arms, antennae 3
a: Dig, Shaft Self


You were on level 4 of the Dungeon.
You were hungry.

You visited 1 branch of the dungeon, and saw 4 of its levels.

You collected 227 gold pieces.

Inventory:

Hand Weapons
 a - a +0 war axe (weapon)
 x - a +0 morningstar
Armour
 c - a +0 shield (worn)
 o - a +0 chain mail (worn)
 s - a +0 pair of gloves (worn)
Jewellery
 m - a ring of protection from magic (left hand)
 u - a ring of wizardry (right hand)
Wands
 t - a wand of slowing (20/48)
Scrolls
 b - a scroll of enchant weapon {unknown}
 e - 2 scrolls of fog
 g - a scroll of noise {unknown}
 h - a scroll of fear {unknown}
 i - a scroll of teleportation
 k - a scroll of immolation {unknown}
 l - a scroll of remove curse
 p - 3 scrolls of identify
 w - a scroll of amnesia {unknown}
 z - a scroll of blinking {unknown}
Potions
 d - a potion of might
 n - a potion of magic
 q - a potion of lignification
Books
 y - a book of Necromancy

   Spells                             Type                      Level
   a - Pain                           Necromancy                   1
   b - Animate Skeleton               Necromancy                   1
   c - Vampiric Draining              Necromancy                   3
   d - Regeneration                   Charms/Necromancy            3
   e - Animate Dead                   Necromancy                   4
   f - Control Undead                 Necromancy                   4
Comestibles
 f - 3 bread rations
 j - 3 beef jerkies
 r - a slice of pizza
 v - a meat ration


   Skills:
 - Level 3.2 Fighting
 + Level 5.8 Axes
 - Level 3.2 Armour
 - Level 3.6 Shields


You had 5 spell levels left.
You didn't know any spells.

Dungeon Overview and Level Annotations

Branches:
Dungeon (4/15)
 Temple: D:4-7

Altars:
Gozag

Shops:
D:4 *


Innate Abilities, Weirdness & Mutations

You are under a permanent stasis effect.
You can dig through walls and to a lower floor.
Your four strong arms can wield two-handed weapons with a shield.
You have a pair of large antennae on your head. (SInv)


Message History

The hound skeleton bites you but does no damage.
The orc wizard points at you and mumbles some strange words.
The magic dart hits you!
The hound skeleton bites you but does no damage.
You barely miss the orc wizard.
The orc wizard is heavily wounded.
You hit the hound skeleton.
You destroy the hound skeleton!
The orc wizard gestures at you while chanting.
The puff of frost hits you! You block the orc wizard's attack.
You closely miss the orc wizard.
The orc wizard is heavily wounded.
The orc wizard points at you and mumbles some strange words.
The puff of frost hits you!
* * * LOW HITPOINT WARNING * * *
You completely miss the orc wizard.
The orc wizard is heavily wounded.
The orc wizard points at you and mumbles some strange words.
The magic dart hits you!
You die...

{ ################
#...o@.........#
(.....)).....###.#
#.#.########.#
#.##.# #
#.###.##.##.#
#...........#
##..#.##.##.#
#..#.##.##.#
##.#.##.##.#
#.#.##.##.#


You could see an orc wizard.

Vanquished Creatures
  A centaur skeleton (D:4)
  An orc wizard (D:3)
  A hound skeleton (D:4)
  5 adders
  3 worms
  A dart slug (D:2)
  11 orcs
  8 bats
  2 giant cockroaches
  4 goblins
  9 hobgoblins
  6 jackals
  2 quokkas (D:2)
  A ball python (D:1)
  2 frilled lizards
  6 kobolds
  A quokka skeleton (D:4)
  6 rats
70 creatures vanquished.

Notes
Turn   | Place    | Note
-------+----------+-------------------------------------------
     0 | D:1      | ChaseSP the Formicid Fighter began the quest for the Orb.
     0 | D:1      | Reached XP level 1. HP: 18/18 MP: 1/1
   293 | D:1      | Reached XP level 2. HP: 23/24 MP: 2/2
   575 | D:1      | Reached skill level 3 in Axes
   653 | D:2      | Reached XP level 3. HP: 26/29 MP: 3/3
  1093 | D:2      | Reached skill level 4 in Axes
  1093 | D:2      | Reached XP level 4. HP: 35/35 MP: 4/4
  1487 | D:3      | Reached XP level 5. HP: 40/41 MP: 5/5
  1525 | D:3      | Found a faded altar of an unknown god.
  1529 | D:3      | Reached skill level 5 in Axes
  2062 | D:4      | Found an opulent altar of Gozag.
  2062 | D:4      | Found Gozag's Platinum Reserve.
  2506 | D:4      | Reached XP level 6. HP: 16/47 MP: 6/6
  2512 | D:4      | Killed from afar by an orc wizard

Skill      XL: |  1  2  3  4  5 |
---------------+----------------+-----
Axes           | 3 4 5 |  5.8
Fighting       | |  3.2
Armour         | |  3.2
Shields        | |  3.6

Action                   |  1- 3 |  4- 6 || total
-------------------------+-------+-------++-------
Melee: War axe           |   103 |   116 ||   219
  Use: Scroll            |       |     5 ||     5
  Eat: Chunk             |     1 |     4 ||     5
Armor: Scale mail        |    29 |       ||    29
       Chain mail        |     1 |    89 ||    90
Dodge: Dodged            |    25 |    32 ||    57
Block: Shield            |    54 |    91 ||   145
